 Dungeon Crawl Stone Soup version 0.29.1-13-g9f3cf754e1 (webtiles) character file.

Game seed: 12260657798449351094

4757 Peloso the Carver (level 10, -16/90 HPs)
             Began as a Minotaur Fighter on Jan 21, 2023.
             Was an Elder of Okawaru.
             Killed from afar by a hell hog (35 damage)
             ... with a fireball
             ... on level 2 of the Abyss.
             The game lasted 00:20:37 (6841 turns).

Peloso the Carver (Minotaur Fighter)                Turns: 6841, Time: 00:20:38

Health: -16/90     AC: 12    Str: 22    XL:     10   Next: 23%
Magic:  9/9        EV: 12    Int:  5    God:    Okawaru [****..]
Gold:   425        SH:  7    Dex: 19    Spells: 9/9 levels left

rFire   . . .      SeeInvis .   a - +0 falchion (elec)
rCold   + . .      Faith    .   d - +0 buckler
rNeg    . . .      Spirit   .   g - +1 scale mail {rC+}
rPois   .          Reflect  .   (helmet restricted)
rElec   .          Harm     .   n - +0 cloak
rCorr   .          Rampage  .   (no gloves)
Will    .....                   c - +0 pair of boots
Stlth   +.........              t - amulet of regeneration
HPRegen 1.05/turn               I - +6 ring of dexterity
MPRegen 0.11/turn               (no ring)

@: no status effects
A: horns 2, retaliatory headbutt
a: Renounce Religion, Heroism, Finesse


You were on level 2 of the Abyss.
You worshipped Okawaru.
Okawaru was greatly pleased with you.
You visited 2 branches of the dungeon, and saw 10 of its levels.
You visited the Abyss 1 time.
You also visited: Sewer and Ossuary.

You collected 476 gold pieces.
You spent 51 gold pieces at shops.

Inventory:

Hand Weapons
 a - a +0 falchion of electrocution (weapon)
 b - a +2 falchion
Armour
 c - a +0 pair of boots (worn)
 d - a +0 buckler (worn)
 g - a +1 scale mail of cold resistance (worn)
 n - a +0 cloak (worn)
 N - +0 swamp dragon scales
Jewellery
 t - an amulet of regeneration (around neck)
 w - an amulet of faith
 I - a +6 ring of dexterity (left hand)
Wands
 B - a wand of polymorph (1)
 C - a wand of digging (12)
 E - a wand of flame (18)
 H - a wand of iceblast (4)
 M - a wand of mindburst (19)
Scrolls
 e - 3 scrolls of fog
 f - 2 scrolls of immolation
 k - 3 scrolls of amnesia
 o - a scroll of blinking
 p - 2 scrolls of enchant weapon
 r - a scroll of fear
 s - 2 scrolls of poison
 u - 2 scrolls of identify
 v - a scroll of noise
 x - 4 scrolls of enchant armour
 y - 4 scrolls of teleportation
 z - a scroll of brand weapon
Potions
 h - 4 potions of might
 i - 4 potions of cancellation
 j - 5 potions of flight
 l - 5 potions of degeneration
 m - 3 potions of magic
 q - 4 potions of haste
 A - a potion of resistance
 F - a potion of berserk rage
 G - 4 potions of brilliance
 J - a potion of invisibility
 K - a potion of curing
 L - a potion of mutation


   Skills:
 + Level 8.5 Fighting
 + Level 10.9 Long Blades
 + Level 9.0 Armour
 + Level 5.0 Dodging
 + Level 1.0 Stealth
 + Level 7.9 Shields
 + Level 0.8 Invocations


You had 9 spell levels left.
You didn't know any spells.
Your spell library contained the following spells:

 Spells                   Type           Power      Damage    Failure   Level
 Foxfire                  Conj/Fire      0%         2x1d4     83%         1
 Static Discharge         Conj/Air       0%         3-3/arc   92%         2
 Conjure Flame            Conj/Fire      0%         6-21      99%         3
 Inner Flame              Hex/Fire       0%         N/A       99%         3
 Ozocubu's Armour         Ice            0%         N/A       99%         3
 Dispel Undead            Necr           0%         3d6       100%        4
 Flame Wave               Conj/Fire      0%         2d4       100%        4
 Sticky Flame             Conj/Fire      0%         2d3       100%        4
 Metabolic Englaciation   Hex/Ice        0%         N/A       100%        5
 Simulacrum               Ice/Necr       Unusable   N/A       N/A         6

Dungeon Overview and Level Annotations

Branches:
Dungeon (9/15)             Temple (1/1) D:4           Sewer (visited)
Ossuary (visited)
   Lair: D:8-11         Orc: D:9-12

Altars:
Ashenzari
Cheibriados
Dithmenos
Elyvilon
Fedhas
Gozag
Kikubaaqudgha
Makhleb
Nemelex Xobeh
Okawaru
Qazlal
Ru
Sif Muna
Trog
Uskayaw
Vehumet
Wu Jian
Xom
Yredelemnul
Zin
The Shining One

Shops:
D:2 *   D:4 *

Annotations:
D:9 Erolcha


Innate Abilities, Weirdness & Mutations

You have a pair of horns on your head.
You reflexively headbutt those who attack you in melee.


Message History

Erolcha is heavily wounded.
Erolcha struggles against the net.
The net rips apart, and Erolcha comes free!
You hit Erolcha but do no damage. Lightning courses through Erolcha!
Erolcha is severely wounded.
You hit Erolcha but do no damage. You headbutt Erolcha.
Erolcha is severely wounded.
Erolcha gestures at you while chanting.
You are cast into the Abyss!
This branch contains the abyssal rune of Zot.
You feel like a meek peon again.
Magic restored.
A worldbinder comes into view.
The worldbinder moves out of view.
HP restored.
A tentacled starspawn assembles itself!
Blink to where?
Press: ? - help, Dir - move target
As you read the scroll of blinking, it crumbles to dust.
A hell hog comes into view.
The hell hog squeals angrily.
A hell hog comes into view. x2
A hell hog comes into view.
The hell hog squeals angrily. x2; You hear an angry squeal.
The hell hog breathes fire at you.
The fireball explodes!
The fireball engulfs you!!! The hell hog breathes fire at you.
The fireball explodes!
The fireball engulfs you!!
* * * LOW HITPOINT WARNING * * *
Unknown command.
You block the hell hog's attack. The hell hog attacks as you move away!
You block the hell hog's attack. The hell hog bites you.
* * * LOW HITPOINT WARNING * * *
The hell hog breathes fire at you.
The fireball explodes!
The fireball engulfs the hell hog.
The hell hog completely resists.
The fireball engulfs the hell hog.
The hell hog completely resists.
The fireball engulfs the hell hog.
The hell hog completely resists.
The fireball engulfs you!!
You die...

..
...........##..#
##.#......##.###
............#.#
#............#
#............#
...........##
.......h#.#
.....hhh###.#
.....##@....#
..... #.....#
..... ......#
.... ...#####
... ....# .....#
###..## ##.


You could see 4 hell hogs.

Vanquished Creatures
  A centaur warrior (D:8)
  Pikel (D:5)
  Maggie (D:9)
  A troll (D:9)
  Grinder (D:5)
  A culicivora (shapeshifter) (D:9)
  A wraith (Ossuary)
  Edmund (D:4)
  A steam dragon (D:7)
  2 water moccasins (D:7)
  An ice beast (D:8)
  2 black bears
  2 ogres
  2 lemures (D:5)
  3 bullfrogs
  3 necrophages
  6 scorpions
  9 wights
  A jelly (D:7)
  2 hounds
  Crazy Yiuf (D:6)
  4 orc wizards
  2 mummies
  8 gnolls (D:5)
  17 adders
  5 river rats (Sewer)
  A shadow imp (D:7)
  2 white imps
  A worm (D:2)
  2 dart slugs
  15 orcs
  8 ball pythons
  8 endoplasms
  9 giant cockroaches
  8 goblins
  7 hobgoblins
  3 jackals (Sewer)
  4 kobolds
  4 quokkas
  11 bats
  5 frilled lizards
  3 gnoll skeletons (Ossuary)
  6 kobold skeletons (Ossuary)
  15 orc skeletons (Ossuary)
  5 rats
196 creatures vanquished.

Vanquished Creatures (others)
  An orc (D:5)
1 creature vanquished.

Grand Total: 197 creatures vanquished

Notes
Turn   | Place    | Note
-------+----------+-------------------------------------------
     0 | D:1      | Peloso the Minotaur Fighter began the quest for the Orb.
     0 | D:1      | Reached XP level 1. HP: 19/19 MP: 0/0
   206 | D:1      | Reached XP level 2. HP: 27/27 MP: 1/1
   743 | D:2      | Found a faded altar of an unknown god.
   791 | D:2      | Reached XP level 3. HP: 27/34 MP: 2/2
   862 | D:2      | Found Liush's Assorted Antiques.
   873 | D:2      | Bought an inky potion for 24 gold pieces
   873 | D:2      | Bought a scroll labelled HEYLUEDDYE for 27 gold pieces
  1172 | D:2      | Reached skill level 3 in Long Blades
  1383 | D:2      | Reached XP level 4. HP: 41/41 MP: 3/3
  2305 | D:4      | Noticed Edmund
  2319 | D:4      | Killed Edmund
  2320 | D:4      | Reached skill level 5 in Fighting
  2320 | D:4      | Reached skill level 4 in Long Blades
  2320 | D:4      | Reached skill level 1 in Dodging
  2320 | D:4      | Reached XP level 5. HP: 33/48 MP: 4/4
  2334 | D:4      | Reached skill level 5 in Armour
  2376 | D:4      | Reached XP level 6. HP: 46/56 MP: 5/5
  2399 | D:4      | Found a staircase to the Ecumenical Temple.
  2455 | D:4      | Reached skill level 5 in Long Blades
  2463 | D:4      | Found an iron altar of Okawaru.
  2468 | D:4      | Found a snail-covered altar of Cheibriados.
  2480 | D:4      | Reached skill level 5 in Shields
  2544 | D:4      | Found a glowing drain.
  2563 | Sewer    | Entered a sewer
  2603 | Sewer    | Reached XP level 7. HP: 61/61 MP: 6/6
  3303 | D:4      | Found Inabicacwu's CLEARANCE SALE!.
  3792 | Temple   | Entered the Ecumenical Temple
  4020 | D:4      | Became a worshipper of Warmaster Okawaru
  4058 | D:5      | Entered Level 5 of the Dungeon
  4175 | D:5      | Reached skill level 6 in Long Blades
  4331 | D:5      | Noticed Pikel
  4345 | D:5      | Killed Pikel
  4345 | D:5      | Reached * piety under Okawaru
  4346 | D:5      | Reached skill level 7 in Long Blades
  4346 | D:5      | Reached XP level 8. HP: 32/71 MP: 7/7
  4409 | D:5      | Noticed Grinder
  4428 | D:5      | Paralysed by Grinder for 3 turns
  4442 | D:5      | Killed Grinder
  4442 | D:5      | Reached ** piety under Okawaru
  4494 | D:5      | Reached skill level 8 in Long Blades
  4937 | D:5      | Found a shimmering blue altar of Sif Muna.
  5157 | D:6      | Found a shadowy altar of Dithmenos.
  5174 | D:6      | Found a sand-covered staircase.
  5182 | Ossuary  | Entered an ossuary
  5291 | Ossuary  | Reached XP level 9. HP: 77/79 MP: 6/8
  5604 | D:6      | Found an opulent altar of Gozag.
  5676 | D:6      | Found a runed translucent door.
  5677 | D:6      | Noticed Crazy Yiuf
  5684 | D:6      | Killed Crazy Yiuf
  5761 | D:6      | Reached skill level 9 in Long Blades
  5910 | D:7      | Reached *** piety under Okawaru
  6238 | D:7      | Reached skill level 10 in Long Blades
  6603 | D:8      | Noticed a centaur warrior
  6624 | D:9      | Noticed a troll
  6634 | D:9      | Killed a troll
  6661 | D:8      | Killed a centaur warrior
  6661 | D:8      | Reached **** piety under Okawaru
  6662 | D:8      | Reached XP level 10. HP: 52/89 MP: 9/9
  6730 | D:9      | Reached skill level 5 in Dodging
  6733 | D:9      | Reached skill level 1 in Stealth
  6742 | D:9      | Noticed Maggie
  6760 | D:9      | Killed Maggie
  6791 | D:9      | Noticed Erolcha
  6804 | Abyss:2  | Cast into level 2 of the Abyss (Erolcha)
  6821 | Abyss:2  | Noticed a worldbinder
  6828 | Abyss:2  | Noticed a tentacled starspawn
  6835 | Abyss:2  | Noticed a hell hog
  6836 | Abyss:2  | Noticed a hell hog
  6836 | Abyss:2  | Noticed a hell hog
  6837 | Abyss:2  | Noticed a hell hog
  6841 | Abyss:2  | Killed from afar by a hell hog

Illustrated notes

Levels and vault maps discovered:
D:1:      moated_graveyard_arrival, layout_rooms, minmay_three_crescents
D:2:      layout_basic, ebering_ecumenical_altar_abandoned, serial_shops,
          nicolae_shop_trees, chequers_decorated_corner,
          minmay_large_rounded_square
D:3:      layout_rooms, dreamdust_wishing_well, wad_floor_pattern_2
D:4:      layout_loops_corners, chequers_temple_overflow_statue_of_worship,
          temple_green, portal_sewer_entry_d, nicolae_shop_clearance,
          uniq_edmund
D:5:      layout_basic, mainiacjoe_overflow_small_starburst, st_stairs_12,
          uniq_pikel, uniq_grinder
D:6:      layout_rooms, mainiacjoe_overflow_concentric_impassable,
          nicolae_gozag_seed_capital, gup_ossuary_entry_pyramid,
          uniq_crazy_yiuf_cottage
D:7:      kennysheep_six_static_rooms, layout_basic
D:8:      minmay_cut_squares, layout_loops_ring, minmay_misc_feat_roman,
          uniq_psyche, uniq_prince_ribbit1
D:9:      layout_small_grid, uniq_erolcha, uniq_maggie, uniq_grum
Temple:   eino_temple_rhombus
Abyss:2:  base:
D:9

Skill      XL: |  1  2  3  4  5  6  7  8  9 10 |
---------------+-------------------------------+-----
Fighting       | 4 5 6 7 8 |  8.5
Shields        | 4 5 6 7 |  7.9
Armour         | 4 5 6 7 8 9 |  9.0
Long Blades    | 3 4 5 7 8 10 | 10.9
Dodging        | 1 3 4 5 |  5.0
Stealth        | 1 |  1.0
Invocations    | |  0.8

Action                   |  1- 3 |  4- 6 |  7- 9 | 10-12 || total
-------------------------+-------+-------+-------+-------++-------
Melee: Long sword        |    91 |   101 |   243 |       ||   435
       Headbutt          |    16 |    19 |    71 |    12 ||   118
       Falchion          |       |       |   144 |    44 ||   188
Throw: Throwing net      |       |       |       |     1 ||     1
Invok: Heroism           |       |       |     3 |     3 ||     6
Evoke: Wand              |       |       |     1 |       ||     1
  Use: Scroll            |     4 |    10 |    11 |     1 ||    26
Armor: Scale mail        |    42 |    49 |   224 |    11 ||   326
Dodge: Dodged            |    35 |    50 |   179 |    14 ||   278
Block: Buckler           |    25 |    23 |   108 |    13 ||   169
